 Dungeon Crawl Stone Soup version 0.28.0-53-g5a82cb258f (webtiles) character file.

Game seed: 13666033983610336564

172 Ashen the Chiller (level 5, 0/38 HPs)
             Began as a Demonspawn Ice Elementalist on July 9, 2022.
             Slain by a gnoll shaman
             ... wielding a +0 whip
              (11 damage)
             ... on level 3 of the Dungeon.
             The game lasted 00:05:52 (4001 turns).

Ashen the Chiller (Demonspawn Ice Elementalist)     Turns: 4001, Time: 00:05:53

Health: 0/38       AC:  2    Str:  8    XL:     5   Next: 27%
Magic:  4/9        EV: 12    Int: 19    God:
Gold:   173        SH:  0    Dex: 13    Spells: 5/9 levels left

rFire   . . .      SeeInvis .   e - +2 short sword (drain)
rCold   . . .      Faith    .   (no shield)
rNeg    . . .      Spirit   .   a - +0 robe
rPois   .          Reflect  .   (helmet restricted)
rElec   .          Harm     .   (no cloak)
rCorr   .          Rampage  .   (no gloves)
Will    .....                   (no boots)
Stlth   ++........              (no amulet)
HPRegen 0.12/turn               (no ring)
MPRegen 0.22/turn               (no ring)

@: freezing walls, very slightly contaminated
A: horns 2, magic regeneration
a: no special abilities


You were on level 3 of the Dungeon.
You visited 1 branch of the dungeon, and saw 3 of its levels.

You collected 173 gold pieces.

Inventory:

Hand Weapons
 e - a +2 short sword of draining (weapon)
 g - a +0 dagger of protection
Armour
 a - a +0 robe (worn)
Scrolls
 b - 2 scrolls of teleportation {unknown}
 d - a scroll of identify {unknown}
 h - a scroll of amnesia {unknown}
 k - a scroll of silence {unknown}
 l - a scroll of magic mapping {unknown}
 m - a scroll of noise {unknown}
 o - a scroll of fear {unknown}
 q - a scroll of immolation {unknown}
Potions
 c - 3 potions of might {unknown}
 f - a potion of magic {unknown}
 i - a potion of degeneration {unknown}
 j - a potion of flight {unknown}
 n - a potion of haste {unknown}
 p - a potion of curing {unknown}


   Skills:
 + Level 1.9 Fighting
 + Level 2.7 Dodging
 + Level 2.9 Stealth
 + Level 2.9 Spellcasting
 + Level 4.2 Ice Magic


You had 5 spell levels left.
You knew the following spells:

 Your Spells              Type           Power      Damage    Failure   Level
a - Freeze                Ice            72%        1d9       2%          1
b - Frozen Ramparts       Ice            36%        1d5       9%          3

Your spell library contained the following spells:

 Spells                   Type           Power      Damage    Failure   Level
 Ozocubu's Armour         Ice            18%        N/A       9%          3
 Animate Skeleton         Necr           4%         N/A       16%         1
 Apportation              Tloc           4%         N/A       16%         1
 Summon Small Mammal      Summ           8%         N/A       16%         1
 Hailstorm                Conj/Ice       10%        3d5       54%         4


Dungeon Overview and Level Annotations

Branches:
Dungeon (3/15)

Altars:
Ashenzari
Cheibriados
Fedhas
Gozag
Hepliaklqana
Okawaru


Innate Abilities, Weirdness & Mutations

You have a pair of horns on your head.
You regenerate magic rapidly.


Message History

Confirm with . or Enter, or press ? or * to list all spells.
Casting: Frozen Ramparts (dangerous; 9% risk of failure)
Press: ? - help, Dir - look around, f - activate You miscast Frozen Ramparts.
You are very lightly contaminated with residual magic.
Your hands feel numb with cold.
The quokka closely misses you. The hound bites you.
The quokka closely misses you.
There are monsters nearby!
Unknown command.
Casting: Frozen Ramparts (dangerous; 9% risk of failure)
Confirm with . or Enter, or press ? or * to list all spells.
Casting: Frozen Ramparts (dangerous; 9% risk of failure)
Press: ? - help, Dir - look around, f - activate The walls around you are covered in ice.
The wall freezes the hound.
The hound closely misses you.
The wall freezes the adder.
The wall freezes the hound.
The hound closely misses you.
The wall freezes the quokka.
The quokka misses you.
You hit the hound but do no damage. You drain the hound.
The hound is heavily wounded.
The wall freezes the hound.
The hound misses you.
The wall freezes the orc.
The wall freezes the quokka.
The quokka misses you.
The wall freezes the hound.
The hound bites you but does no damage.
You hit the hound.
You kill the hound!
The wall freezes the goblin.
The goblin hits you with a +0 dagger.
The wall freezes the quokka.
You kill the quokka!
The wall freezes the adder.
The adder seems to slow down.
The adder bites you.
The wall freezes the orc.
The wall freezes the goblin.
You kill the goblin!
You barely miss the adder.
The adder is moderately wounded.
The wall freezes the gnoll shaman.
The gnoll shaman hits you with a +0 whip.
* * * LOW HITPOINT WARNING * * *
The wall freezes the adder.
The adder closely misses you.
The wall freezes the gnoll shaman.
The gnoll shaman hits you with a +0 whip!
You die...

#.##...#.# ###.#.# #.#
#.######.# ...#.#
#.#### #.# #.# #.
#.#.. ...... . #.# #.#
#..#..########## .#
#.# #.##
................ #.#
#... #####...########
#..###....###..#
######.....).....##.##
..........@S.# #..#
###.....##g...# ##.#
#.....# o:?..# #.#
#.....# ?##?.# #.#
##.#.(# !##$.# #.#
#.#..# .[|.[# #.#
#.##.# ....## ##.#
##..#.. ##### #..#
#...##.. ##..#


You could see a gnoll shaman, an adder (slow) and an orc.

Vanquished Creatures
  A hound (D:3)
  Natasha (twice) (D:3)
  Robin (D:2)
  A worm (D:2)
  2 dart slugs (D:1)
  4 orcs (D:3)
  2 ball pythons
  8 endoplasms
  2 giant cockroaches
  13 goblins
  5 hobgoblins
  9 kobolds
  3 quokkas
  5 bats
  A frilled lizard (D:1)
  6 rats
65 creatures vanquished.

Vanquished Creatures (others)
  20 plants
  13 withered plants (D:1)
33 creatures vanquished.

Grand Total: 98 creatures vanquished

Notes
Turn   | Place    | Note
-------+----------+-------------------------------------------
     0 | D:1      | Ashen the Demonspawn Ice Elementalist began the quest for
                  | the Orb.
     0 | D:1      | Reached XP level 1. HP: 13/13 MP: 3/3
   372 | D:1      | Gained mutation: You have a pair of small horns on your
                  | head. [demonic ancestry]
   372 | D:1      | Reached XP level 2. HP: 12/19 MP: 0/5
  1141 | D:1      | Found a faded altar of an unknown god.
  1559 | D:1      | Gained mutation: You regenerate magic rapidly. [demonic
                  | ancestry]
  1559 | D:1      | Reached XP level 3. HP: 19/25 MP: 6/6
  1887 | D:2      | Noticed Robin
  1903 | D:1      | Learned a level 3 spell: Frozen Ramparts
  2168 | D:1      | Reached skill level 1 in Fighting
  2403 | D:2      | Killed Robin
  2716 | D:2      | Reached XP level 4. HP: 28/32 MP: 7/7
  3162 | D:3      | Reached skill level 4 in Ice Magic
  3184 | D:3      | Found an iron altar of Okawaru.
  3187 | D:3      | Found a hazy altar of Hepliaklqana.
  3540 | D:3      | Found an opulent altar of Gozag.
  3543 | D:3      | Found a snail-covered altar of Cheibriados.
  3543 | D:3      | Found a blossoming altar of Fedhas.
  3546 | D:3      | Found a broken altar of Ashenzari.
  3685 | D:3      | Noticed Natasha
  3692 | D:3      | Killed Natasha
  3812 | D:3      | Noticed Natasha
  3818 | D:3      | Killed Natasha
  3819 | D:3      | Gained mutation: You have a pair of horns on your head.
                  | [demonic ancestry]
  3819 | D:3      | Reached XP level 5. HP: 21/38 MP: 5/9
  4001 | D:3      | Slain by a gnoll shaman

Illustrated notes

Levels and vault maps discovered:
D:1:      saegor_arrival_simple_e, layout_basic,
          shapermc_ecumenical_altar_flowoftime, minmay_misc_feat_room,
          st_stairs_12, minmay_pentomino_t2
D:2:      layout_rooms, uniq_robin
D:3:      layout_basic, grunt_temple_overflow_open,
          chequers_temple_overflow_statue_of_worship, serial_forest,
          infiniplex_forest_lined_room_3, infiniplex_forest_clump_C,
          infiniplex_forest_join, infiniplex_forest_clump_diagonal,
          infiniplex_forest_zigzag_1, infiniplex_forest_lined_1,
          infiniplex_forest_zigzag_1, infiniplex_forest_clump_tiny,
          infiniplex_forest_clump_C, minmay_randomly_rotated_circles,
          uniq_natasha

Skill      XL: |  1  2  3  4 |
---------------+-------------+-----
Stealth        | 2 |  2.9
Dodging        | 2 |  2.7
Fighting       | 1 |  1.9
Ice Magic      | 4 |  4.2
Spellcasting   | |  2.9

Action                   |  1- 3 |  4- 6 || total
-------------------------+-------+-------++-------
Melee: Unarmed           |    12 |       ||    12
       Short sword       |    66 |    44 ||   110
       Headbutt          |    13 |     2 ||    15
       Punch             |     1 |     1 ||     2
 Cast: Freeze            |    29 |       ||    29
       Frozen Ramparts   |     2 |     4 ||     6
 Stab: Sleeping          |     3 |       ||     3
Armor: Robe              |    24 |     6 ||    30
Dodge: Dodged            |    87 |    27 ||   114
